Maple Leafs vs Canadiens
(R1)
Created - 10 janvier 2013 at 22:06
Goals
|
| Maple Leafs |
1 |
0 |
2 |
3 |
| Canadiens |
0 |
1 |
1 |
2 |
|
Shots
|
| Maple Leafs |
21 |
8 |
7 |
36 |
| Canadiens |
9 |
5 |
8 |
22 |
|
1st period
1. Maple Leafs , Peter Forsberg 15 (Claude Giroux, Dion Phaneuf) at 13:32
Penalties :
Alex Goligoski (Tor) for Hooking (Minor) at 2:58, Steve Ott (Tor) for High sticking (Minor) at 8:32, Donald Brashear (Mon) for Roughing (Minor) at 14:41
2nd period
2. Canadiens , Alexei Yashin 5 (Richard Zednik, Eric Cairns) at 7:21
Penalties :
Jordan Leopold (Tor) for Boarding (Minor) at 1:42, Kari Lehtonen (Mon) for Slashing (Minor) at 11:21 - Viktor Kozlov served the penalty, Zach Parise (Tor) for Tripping (Minor) at 15:58, Ryan Bayda (Mon) for Interference (Minor) at 18:45
3rd period
3. Maple Leafs , Alex Goligoski 1 (Rob Niedermayer, Dion Phaneuf) at 7:52
4. Maple Leafs , Andy Hilbert 2 (Alex Goligoski, Rob Niedermayer) at 14:33
5. Canadiens , Patrick Eaves 4 (Jamie Lundmark) at 18:23
Penalties :
Zach Parise (Tor) for Roughing (Double Minor) at 3:46, Ryan Bayda (Mon) for Slashing (Minor) at 10:20, Alexei Yashin (Mon) for Boarding (Minor) at 16:03
Goalie Stats
Marc-André Fleury (Tor), 20 saves from 22 shots - (0,909), W, 12-5-2, 60:00 minutes
Kari Lehtonen (Mon), 33 saves from 36 shots - (0,917), L, 7-9-1, 59:29 minutes
Players Stats for Maple Leafs
Player Name G A P +/- PIM S H SB GA TA FO MP PP MP PK MP
------------------------------------------------------------------------------------
Alex Goligoski 1 1 2 0 2 4 1 1 0 1 0/0 21:11 3:15 4:12
Andy Hilbert 1 0 1 0 0 3 1 0 0 0 0/1 8:44 0:54 1:53
Brad Boyes 0 0 0 1 0 1 2 1 0 0 0/0 17:55 4:30 3:54
Brett Clark 0 0 0 2 0 0 0 1 0 1 0/0 15:52 0:37 4:53
Byron Bitz 0 0 0 -1 0 1 0 1 0 0 0/0 10:22 0:54 0:00
Claude Giroux 0 1 1 0 0 3 4 0 1 0 0/0 23:54 4:24 6:04
Derek Roy 0 0 0 0 0 4 2 0 0 0 3/8 15:28 4:38 1:10
Dion Phaneuf 0 2 2 0 0 0 7 0 0 0 0/0 27:00 6:03 6:38
Dustin Penner 0 0 0 0 0 1 0 1 0 0 1/1 13:15 4:38 0:00
Jordan Leopold 0 0 0 0 2 0 1 1 0 1 0/0 18:23 0:00 5:41
Paul Stastny 0 0 0 -1 0 2 0 0 0 1 4/10 10:20 0:54 0:03
Peter Forsberg 1 0 1 0 0 3 2 0 2 1 22/33 24:18 4:16 6:15
Rob Niedermayer 0 2 2 2 0 1 1 0 0 0 5/5 8:32 0:07 2:33
Scott Walker 0 0 0 1 0 4 0 0 0 0 0/0 5:31 0:07 0:00
Stephane Robidas 0 0 0 1 0 3 2 0 0 1 0/0 17:45 6:03 1:34
Steve Ott 0 0 0 0 2 1 0 0 0 0 0/0 9:06 0:07 0:00
Tobias Enstrom 0 0 0 -1 0 3 0 0 1 1 0/0 20:00 3:52 0:52
Zach Parise 0 0 0 1 6 2 2 1 0 0 1/1 20:24 4:16 1:58
Players Stats for Canadiens
Player Name G A P +/- PIM S H SB GA TA FO MP PP MP PK MP
------------------------------------------------------------------------------------
Alexei Yashin 1 0 1 1 2 2 2 0 0 0 2/3 14:00 0:00 2:57
Donald Brashear 0 0 0 -1 2 1 1 1 0 0 1/2 22:28 6:00 4:18
Duncan Keith 0 0 0 -1 0 1 0 1 1 1 0/0 28:33 6:45 6:04
Eric Cairns 0 1 1 1 0 0 0 2 1 0 0/0 20:52 4:45 3:17
Éric Desjardins 0 0 0 -1 0 0 3 1 0 1 0/0 28:33 6:45 6:04
Jamie Lundmark 0 1 1 0 0 1 2 1 0 0 2/6 6:57 0:47 0:16
Marek Svatos 0 0 0 -1 0 5 2 1 1 0 1/4 17:39 6:00 0:00
Michel Ouellet 0 0 0 -1 0 0 0 1 0 0 0/0 5:45 0:34 0:00
Patrick Eaves 1 0 1 0 0 3 1 0 0 1 0/0 14:44 5:09 0:00
Richard Zednik 0 1 1 1 0 1 2 0 1 0 2/2 10:43 0:00 0:00
Robert Nilsson 0 0 0 -1 0 2 2 0 2 0 10/31 23:03 6:01 5:23
Ryan Bayda 0 0 0 -1 4 1 0 0 0 0 0/0 8:40 0:23 2:46
Ryane Clowe 0 0 0 1 0 1 2 0 0 0 0/0 13:25 0:41 1:49
Shane O'Brien 0 0 0 1 0 0 2 0 0 0 0/0 20:52 4:45 3:17
Tomas Holmstrom 0 0 0 0 0 2 3 0 1 1 0/0 15:15 5:05 0:10
Tomas Kloucek 0 0 0 -1 0 1 1 1 0 0 0/0 10:35 0:25 0:34
Tyler Sloan 0 0 0 -1 0 1 1 3 0 0 0/0 10:35 0:25 0:34
Viktor Kozlov 0 0 0 -1 0 0 2 1 0 0 5/11 17:22 5:05 2:11
3 Stars
1 - Dion Phaneuf (Tor)
2 - Rob Niedermayer (Tor)
3 - Alex Goligoski (Tor)
Power Play
Maple Leafs - 0 on 5 Attempt(s) - 0,00%
Canadiens - 0 on 6 Attempt(s) - 0,00%
Penalty Kill
Maple Leafs - 6 on 6 Attempt(s) - 100,00%
- Score 0 goal in Penalty Kill
Canadiens - 5 on 5 Attempt(s) - 100,00%
- Score 0 goal in Penalty Kill
Official
Referees : Watson Brad and Banfield David
Linesman : Brian Mach and Michel Cormier
Game Notes
No Game Note
Finance
Level 1 -- Attendance: 5401 (90,02%) -- Ticket Income 486 090 $
Level 2 -- Attendance: 5000 (100,00%) -- Ticket Income 275 000 $
Level 3 -- Attendance: 2000 (100,00%) -- Ticket Income 60 000 $
Level 4 -- Attendance: 3642 (91,05%) -- Ticket Income 61 914 $
Luxury Box -- Attendance: 979 (97,90%) -- Ticket Income 176 220 $
Game was played at the Centre Bell
Total Attendance: 17022 (94,57%)
Total Ticket Income: 1 059 224 $
Total Income: 1 059 224 $
Maple Leafs
5 vs 5 Forward
Center Left Wing Right Wing Time % Phy DF OF
1 Peter Forsberg Zach Parise Claude Giroux 40 0 1 4
2 Paul Stastny Dustin Penner Brad Boyes 30 1 1 3
3 Derek Roy Steve Ott Byron Bitz 20 1 2 2
4 Rob Niedermayer Andy Hilbert Scott Walker 10 1 3 1
5 vs 5 Defense
Defense Defense Time % Phy DF OF
1 Tobias Enstrom Dion Phaneuf 40 1 1 3
2 Stephane Robidas Brett Clark 30 1 3 1
3 Jordan Leopold Alex Goligoski 30 1 1 3
4 Dion Phaneuf Tobias Enstrom 0 1 2 2
PowerPlay Forward
Center Left Wing Right Wing Time % Phy DF OF
1 Peter Forsberg Zach Parise Claude Giroux 60 1 1 3
2 Derek Roy Dustin Penner Brad Boyes 40 1 1 3
PowerPlay Defense
Defense Defense Time % Phy DF OF
1 Dion Phaneuf Stephane Robidas 60 1 1 3
2 Tobias Enstrom Alex Goligoski 40 1 1 3
Penalty Kill 4 Players Forward
Center Wing Time % Phy DF OF
1 Peter Forsberg Claude Giroux 60 1 3 1
2 Zach Parise Brad Boyes 40 1 3 1
Penalty Kill 4 Players Defense
Defense Defense Time % Phy DF OF
1 Dion Phaneuf Jordan Leopold 60 1 3 1
2 Brett Clark Alex Goligoski 40 1 3 1
Penalty Kill - 3 Players Forward
Forward Time % Phy DF OF
1 Peter Forsberg 60 1 4 0
2 Claude Giroux 40 1 4 0
Penalty Kill - 3 Players Defense
Defense Defense Time % Phy DF OF
1 Dion Phaneuf Jordan Leopold 60 1 4 0
2 Brett Clark Alex Goligoski 40 1 4 0
4 vs 4 Forward
Center Wing Time % Phy DF OF
1 Peter Forsberg Claude Giroux 60 1 2 2
2 Zach Parise Brad Boyes 40 1 2 2
4 vs 4 Defense
Defense Defense Time % Phy DF OF
1 Dion Phaneuf Tobias Enstrom 60 1 2 2
2 Brett Clark Stephane Robidas 40 1 2 2
Last Minutes Offensive
Center Left Wing Right Wing Defense Defense
Peter Forsberg Zach Parise Claude Giroux Dion Phaneuf Tobias Enstrom
Last Minutes Defensive
Center Left Wing Right Wing Defense Defense
Peter Forsberg Zach Parise Claude Giroux Dion Phaneuf Brett Clark
Goaltenders
Starting : Marc-André Fleury
Backup : Mike Dunham
Extra Forwards
Normal : Claude Giroux, Peter Forsberg, Paul Stastny - PP : Brad Boyes, Claude Giroux - PK : Rob Niedermayer
Extra Defensemen
Normal : Tobias Enstrom, Jordan Leopold, Brett Clark - PP : Tobias Enstrom - PK : Jordan Leopold, Brett Clark
Penalty Shots
Peter Forsberg, Claude Giroux, Zach Parise, Brad Boyes, Derek Roy
Canadiens
5 vs 5 Forward
Center Left Wing Right Wing Time % Phy DF OF
1 Robert Nilsson Donald Brashear Marek Svatos 40 1 2 2
2 Viktor Kozlov Tomas Holmstrom Patrick Eaves 30 1 2 2
3 Alexei Yashin Ryane Clowe Richard Zednik 20 1 2 2
4 Jamie Lundmark Ryan Bayda Michel Ouellet 10 1 2 2
5 vs 5 Defense
Defense Defense Time % Phy DF OF
1 Duncan Keith Éric Desjardins 40 1 2 2
2 Shane O'Brien Eric Cairns 30 1 2 2
3 Tyler Sloan Tomas Kloucek 20 1 2 2
4 Duncan Keith Éric Desjardins 10 1 2 2
PowerPlay Forward
Center Left Wing Right Wing Time % Phy DF OF
1 Robert Nilsson Donald Brashear Marek Svatos 60 1 2 2
2 Viktor Kozlov Tomas Holmstrom Patrick Eaves 40 1 2 2
PowerPlay Defense
Defense Defense Time % Phy DF OF
1 Duncan Keith Éric Desjardins 60 1 2 2
2 Shane O'Brien Eric Cairns 40 1 2 2
Penalty Kill 4 Players Forward
Center Wing Time % Phy DF OF
1 Robert Nilsson Donald Brashear 60 1 2 2
2 Viktor Kozlov Alexei Yashin 40 1 2 2
Penalty Kill 4 Players Defense
Defense Defense Time % Phy DF OF
1 Duncan Keith Éric Desjardins 60 1 2 2
2 Shane O'Brien Eric Cairns 40 1 2 2
Penalty Kill - 3 Players Forward
Forward Time % Phy DF OF
1 Robert Nilsson 60 1 2 2
2 Donald Brashear 40 1 2 2
Penalty Kill - 3 Players Defense
Defense Defense Time % Phy DF OF
1 Duncan Keith Éric Desjardins 60 1 2 2
2 Shane O'Brien Eric Cairns 40 1 2 2
4 vs 4 Forward
Center Wing Time % Phy DF OF
1 Robert Nilsson Donald Brashear 60 1 2 2
2 Viktor Kozlov Alexei Yashin 40 1 2 2
4 vs 4 Defense
Defense Defense Time % Phy DF OF
1 Duncan Keith Éric Desjardins 60 1 2 2
2 Shane O'Brien Eric Cairns 40 1 2 2
Last Minutes Offensive
Center Left Wing Right Wing Defense Defense
Robert Nilsson Donald Brashear Marek Svatos Duncan Keith Éric Desjardins
Last Minutes Defensive
Center Left Wing Right Wing Defense Defense
Robert Nilsson Donald Brashear Marek Svatos Duncan Keith Éric Desjardins
Goaltenders
Starting : Kari Lehtonen
Backup : Mikael Tellqvist
Extra Forwards
Normal : Jamie Lundmark, Ryane Clowe, Ryan Bayda - PP : Jamie Lundmark, Ryane Clowe - PK : Ryan Bayda
Extra Defensemen
Normal : Tyler Sloan, Tomas Kloucek, Shane O'Brien - PP : Tyler Sloan - PK : Tomas Kloucek, Shane O'Brien
Penalty Shots
Robert Nilsson, Donald Brashear, Viktor Kozlov, Alexei Yashin, Tomas Holmstrom
% Time on Ice - Maple Leafs
Lines # - Real PCT - Wanted PCT - Time Play
Normal Forward
1 - 37% - 40% - 13:32
2 - 26% - 30% - 9:31
3 - 24% - 20% - 8:42
4 - 14% - 10% - 5:11
Normal Defense
1 - 40% - 40% - 14:52
2 - 28% - 30% - 10:11
3 - 32% - 30% - 11:53
4 - 0% - 0% - 0:00
PP Forward
1 - 47% - 60% - 4:38
2 - 53% - 40% - 5:17
PP Defense
1 - 61% - 60% - 6:03
2 - 39% - 40% - 3:52
PK Forward
1 - 67% - 60% - 8:01
2 - 33% - 40% - 3:54
PK Defense
1 - 63% - 60% - 7:30
2 - 37% - 40% - 4:25
PK3 Forward
1 - 0% - 60%
2 - 0% - 40%
PK3 Defense
1 - 0% - 60%
2 - 0% - 40%
44 Forward
1 - 0% - 60%
2 - 0% - 40%
44 Defense
1 - 0% - 60%
2 - 0% - 40%
Last Minute Offensive - 0:00
Last Minute Defensive - 1:14
Total
Forward - 60:00
Defense - 60:00
|
% Time on Ice - Canadiens
Lines # - Real PCT - Wanted PCT - Time Play
Normal Forward
1 - 31% - 40% - 11:26
2 - 27% - 30% - 9:54
3 - 29% - 20% - 10:43
4 - 14% - 10% - 5:11
Normal Defense
1 - 40% - 40% - 14:48
2 - 34% - 30% - 12:50
3 - 25% - 20% - 9:29
4 - 0% - 10% - 0:07
PP Forward
1 - 56% - 60% - 6:41
2 - 44% - 40% - 5:14
PP Defense
1 - 60% - 60% - 7:10
2 - 40% - 40% - 4:45
PK Forward
1 - 78% - 60% - 7:44
2 - 22% - 40% - 2:11
PK Defense
1 - 61% - 60% - 6:04
2 - 39% - 40% - 3:51
PK3 Forward
1 - 0% - 60%
2 - 0% - 40%
PK3 Defense
1 - 0% - 60%
2 - 0% - 40%
44 Forward
1 - 0% - 60%
2 - 0% - 40%
44 Defense
1 - 0% - 60%
2 - 0% - 40%
Last Minute Offensive - 0:56
Last Minute Defensive - 0:00
Total
Forward - 60:00
Defense - 60:00
|
Play by Play
1st period
0:01 of 1st period - Peter Forsberg wins face-off versus Robert Nilsson in neutral zone.
0:14 of 1st period - Snap shot by Peter Forsberg.
0:14 of 1st period - Shot Misses the Net.
0:16 of 1st period - Wrist shot by Zach Parise.
0:16 of 1st period - Stopped by Kari Lehtonen without a rebound.
0:17 of 1st period - Viktor Kozlov wins face-off versus Paul Stastny in Canadiens zone.
0:26 of 1st period - Snap shot by Patrick Eaves.
0:26 of 1st period - Stopped by Marc-André Fleury without a rebound.
0:27 of 1st period - Paul Stastny wins face-off versus Viktor Kozlov in Maple Leafs zone.
0:38 of 1st period - Dustin Penner is hit by Tomas Holmstrom and loses puck.
0:46 of 1st period - Icing by Paul Stastny.
0:47 of 1st period - Alexei Yashin wins face-off versus Paul Stastny in Maple Leafs zone.
0:52 of 1st period - Snap shot by Ryane Clowe.
0:52 of 1st period - Stopped by Marc-André Fleury without a rebound.
0:53 of 1st period - Richard Zednik wins face-off versus Derek Roy in Maple Leafs zone.
1:39 of 1st period - Dion Phaneuf is hit by Éric Desjardins and loses puck.
1:46 of 1st period - Slapshot by Tobias Enstrom.
1:46 of 1st period - Deflect By Éric Desjardins.
1:46 of 1st period - Stopped by Kari Lehtonen with a rebound.
1:48 of 1st period - Wrist shot by Andy Hilbert.
1:48 of 1st period - Stopped by Kari Lehtonen with a rebound.
1:59 of 1st period - Off-side.
2:00 of 1st period - Viktor Kozlov wins face-off versus Paul Stastny in neutral zone.
2:03 of 1st period - Brett Clark is hit by Viktor Kozlov and loses puck.
2:12 of 1st period - Snap shot by Paul Stastny.
2:12 of 1st period - Shot Blocked by Eric Cairns.
2:27 of 1st period - Icing by Viktor Kozlov.
2:28 of 1st period - Peter Forsberg wins face-off versus Viktor Kozlov in Canadiens zone.
2:51 of 1st period - Slapshot by Tomas Holmstrom.
2:51 of 1st period - Stopped by Marc-André Fleury without a rebound.
2:52 of 1st period - Derek Roy wins face-off versus Marek Svatos in Maple Leafs zone.
2:57 of 1st period - Snap shot by Byron Bitz.
2:57 of 1st period - Shot Misses the Net.
2:58 of 1st period - Minor Penalty to Alex Goligoski for Hooking.
2:59 of 1st period - Peter Forsberg wins face-off versus Robert Nilsson in Maple Leafs zone.
3:11 of 1st period - Snap shot by Donald Brashear.
3:11 of 1st period - Shot Misses the Net.
3:13 of 1st period - Snap shot by Marek Svatos.
3:13 of 1st period - Stopped by Marc-André Fleury with a rebound.
3:15 of 1st period - Wrist shot by Robert Nilsson.
3:15 of 1st period - Shot Misses the Net.
3:32 of 1st period - Slapshot by Viktor Kozlov.
3:32 of 1st period - Deflect By Patrick Eaves.
3:32 of 1st period - Shot Blocked by Zach Parise.
3:32 of 1st period - Puck is out of play.
3:33 of 1st period - Peter Forsberg wins face-off versus Robert Nilsson in Maple Leafs zone.
4:02 of 1st period - Slapshot by Eric Cairns.
4:02 of 1st period - Shot Blocked by Brad Boyes.
4:58 of 1st period - Penalty to Alex Goligoski is over, Alex Goligoski is back on ice.
5:02 of 1st period - Snap shot by Alex Goligoski.
5:02 of 1st period - Stopped by Kari Lehtonen with a rebound.
5:24 of 1st period - Tomas Kloucek is hit by Jordan Leopold and loses puck.
5:31 of 1st period - Snap shot by Derek Roy.
5:31 of 1st period - Stopped by Kari Lehtonen with a rebound.
5:35 of 1st period - Snap shot by Derek Roy.
5:35 of 1st period - Deflect By Byron Bitz.
5:35 of 1st period - Shot Blocked by Tyler Sloan.
5:35 of 1st period - Puck is out of play.
5:36 of 1st period - Paul Stastny wins face-off versus Donald Brashear in Canadiens zone.
5:37 of 1st period - Snap shot by Brad Boyes.
5:37 of 1st period - Shot Misses the Net.
6:37 of 1st period - Snap shot by Derek Roy.
6:37 of 1st period - Stopped by Kari Lehtonen with a rebound.
6:39 of 1st period - Snap shot by Stephane Robidas.
6:39 of 1st period - Deflect By Byron Bitz.
6:39 of 1st period - Stopped by Kari Lehtonen without a rebound.
6:40 of 1st period - Robert Nilsson wins face-off versus Peter Forsberg in Canadiens zone.
6:40 of 1st period - Robert Nilsson is hit by Dion Phaneuf.
7:45 of 1st period - Wrist shot by Tobias Enstrom.
7:45 of 1st period - Deflect By Claude Giroux.
7:45 of 1st period - Stopped by Kari Lehtonen without a rebound.
7:46 of 1st period - Peter Forsberg wins face-off versus Jamie Lundmark in Canadiens zone.
7:55 of 1st period - Snap shot by Peter Forsberg.
7:55 of 1st period - Shot Blocked by Michel Ouellet.
8:32 of 1st period - Minor Penalty to Steve Ott for High sticking.
8:33 of 1st period - Peter Forsberg wins face-off versus Robert Nilsson in Maple Leafs zone.
8:58 of 1st period - Viktor Kozlov is hit by Zach Parise and loses puck.
9:07 of 1st period - Zach Parise is hit by Viktor Kozlov and loses puck.
10:05 of 1st period - Tomas Holmstrom is hit by Rob Niedermayer and loses puck.
10:32 of 1st period - Penalty to Steve Ott is over, Steve Ott is back on ice.
10:44 of 1st period - Tobias Enstrom is hit by Richard Zednik and loses puck.
11:08 of 1st period - Snap shot by Ryan Bayda.
11:08 of 1st period - Stopped by Marc-André Fleury without a rebound.
11:09 of 1st period - Rob Niedermayer wins face-off versus Alexei Yashin in Maple Leafs zone.
11:09 of 1st period - Rob Niedermayer is hit by Richard Zednik.
11:35 of 1st period - Eric Cairns is hit by Claude Giroux and loses puck.
11:46 of 1st period - Snap shot by Peter Forsberg.
11:46 of 1st period - Shot Blocked by Eric Cairns.
12:42 of 1st period - Peter Forsberg is hit by Alexei Yashin and loses puck.
12:55 of 1st period - Snap shot by Tobias Enstrom.
12:55 of 1st period - Stopped by Kari Lehtonen without a rebound.
12:56 of 1st period - Rob Niedermayer wins face-off versus Marek Svatos in Canadiens zone.
13:09 of 1st period - Slapshot by Dion Phaneuf.
13:09 of 1st period - Shot Blocked by Marek Svatos.
13:30 of 1st period - Snap shot by Claude Giroux.
13:30 of 1st period - Shot Blocked by Viktor Kozlov.
13:32 of 1st period - Slapshot by Peter Forsberg.
13:32 of 1st period - Goal by Peter Forsberg - Maple Leafs : 1 - Canadiens : 0.
13:33 of 1st period - Peter Forsberg wins face-off versus Robert Nilsson in neutral zone.
14:00 of 1st period - Paul Stastny is hit by Alexei Yashin and loses puck.
14:39 of 1st period - Jordan Leopold is hit by Tyler Sloan and loses puck.
14:41 of 1st period - Minor Penalty to Donald Brashear for Roughing.
14:42 of 1st period - Peter Forsberg wins face-off versus Robert Nilsson in Canadiens zone.
16:13 of 1st period - Duncan Keith is hit by Brad Boyes and loses puck.
16:41 of 1st period - Penalty to Donald Brashear is over, Donald Brashear is back on ice.
16:42 of 1st period - Shane O'Brien is hit by Dion Phaneuf and loses puck.
16:57 of 1st period - Wrist shot by Tomas Holmstrom.
16:57 of 1st period - Stopped by Marc-André Fleury with a rebound.
16:59 of 1st period - Snap shot by Jamie Lundmark.
16:59 of 1st period - Shot Blocked by Alex Goligoski.
17:01 of 1st period - Snap shot by Jamie Lundmark.
17:01 of 1st period - Stopped by Marc-André Fleury with a rebound.
17:03 of 1st period - Slapshot by Shane O'Brien.
17:03 of 1st period - Shot Blocked by Jordan Leopold.
17:05 of 1st period - Slapshot by Donald Brashear.
17:05 of 1st period - Stopped by Marc-André Fleury without a rebound.
17:06 of 1st period - Rob Niedermayer wins face-off versus Viktor Kozlov in Maple Leafs zone.
17:06 of 1st period - Rob Niedermayer is hit by Patrick Eaves.
17:12 of 1st period - Slapshot by Stephane Robidas.
17:12 of 1st period - Stopped by Kari Lehtonen with a rebound.
17:14 of 1st period - Slapshot by Stephane Robidas.
17:14 of 1st period - Stopped by Kari Lehtonen with a rebound.
17:16 of 1st period - Snap shot by Andy Hilbert.
17:16 of 1st period - Deflect By Scott Walker.
17:16 of 1st period - Stopped by Kari Lehtonen with a rebound.
17:51 of 1st period - Snap shot by Steve Ott.
17:51 of 1st period - Stopped by Kari Lehtonen with a rebound.
18:15 of 1st period - Snap shot by Peter Forsberg.
18:15 of 1st period - Stopped by Kari Lehtonen with a rebound.
18:17 of 1st period - Slapshot by Alex Goligoski.
18:17 of 1st period - Stopped by Kari Lehtonen without a rebound.
18:18 of 1st period - Robert Nilsson wins face-off versus Paul Stastny in Canadiens zone.
18:27 of 1st period - Wrist shot by Robert Nilsson.
18:27 of 1st period - Deflect By Brad Boyes.
18:27 of 1st period - Stopped by Marc-André Fleury without a rebound.
18:28 of 1st period - Dustin Penner wins face-off versus Robert Nilsson in Maple Leafs zone.
18:39 of 1st period - Snap shot by Paul Stastny.
18:39 of 1st period - Stopped by Kari Lehtonen without a rebound.
18:40 of 1st period - Peter Forsberg wins face-off versus Robert Nilsson in Canadiens zone.
18:45 of 1st period - Snap shot by Claude Giroux.
18:45 of 1st period - Shot Misses the Net.
18:47 of 1st period - Slapshot by Tobias Enstrom.
18:47 of 1st period - Shot Blocked by Donald Brashear.
18:49 of 1st period - Slapshot by Tobias Enstrom.
18:49 of 1st period - Shot Misses the Net.
19:26 of 1st period - Snap shot by Scott Walker.
19:26 of 1st period - Stopped by Kari Lehtonen with a rebound.
19:28 of 1st period - Wrist shot by Rob Niedermayer.
19:28 of 1st period - Shot Blocked by Duncan Keith.
19:30 of 1st period - Snap shot by Scott Walker.
19:30 of 1st period - Shot Misses the Net.
19:32 of 1st period - Backhand shot by Alex Goligoski.
19:32 of 1st period - Deflect By Duncan Keith.
19:32 of 1st period - Stopped by Kari Lehtonen with a rebound.
19:36 of 1st period - Snap shot by Scott Walker.
19:36 of 1st period - Stopped by Kari Lehtonen with a rebound.
19:38 of 1st period - Snap shot by Scott Walker.
19:38 of 1st period - Stopped by Kari Lehtonen with a rebound.
19:48 of 1st period - Steve Ott is hit by Jamie Lundmark and loses puck.
2nd period
0:01 of 2nd period - Robert Nilsson wins face-off versus Peter Forsberg in neutral zone.
0:33 of 2nd period - Snap shot by Brad Boyes.
0:33 of 2nd period - Shot Misses the Net.
0:35 of 2nd period - Slapshot by Tobias Enstrom.
0:35 of 2nd period - Stopped by Kari Lehtonen with a rebound.
0:49 of 2nd period - Tobias Enstrom is hit by Shane O'Brien and loses puck.
1:38 of 2nd period - Jamie Lundmark is hit by Peter Forsberg and loses puck.
1:42 of 2nd period - Minor Penalty to Jordan Leopold for Boarding.
1:43 of 2nd period - Robert Nilsson wins face-off versus Peter Forsberg in Maple Leafs zone.
1:44 of 2nd period - Wrist shot by Marek Svatos.
1:44 of 2nd period - Stopped by Marc-André Fleury without a rebound.
1:45 of 2nd period - Peter Forsberg wins face-off versus Robert Nilsson in Maple Leafs zone.
3:37 of 2nd period - Stephane Robidas is hit by Tomas Holmstrom and loses puck.
3:42 of 2nd period - Penalty to Jordan Leopold is over, Jordan Leopold is back on ice.
4:41 of 2nd period - Icing by Scott Walker.
4:42 of 2nd period - Rob Niedermayer wins face-off versus Jamie Lundmark in Maple Leafs zone.
5:11 of 2nd period - Icing by Marek Svatos.
5:12 of 2nd period - Peter Forsberg wins face-off versus Robert Nilsson in Canadiens zone.
5:32 of 2nd period - Zach Parise is hit by Marek Svatos and loses puck.
5:43 of 2nd period - Snap shot by Robert Nilsson.
5:43 of 2nd period - Shot Misses the Net.
5:45 of 2nd period - Slapshot by Shane O'Brien.
5:45 of 2nd period - Shot Misses the Net.
5:47 of 2nd period - Slapshot by Eric Cairns.
5:47 of 2nd period - Shot Misses the Net.
5:57 of 2nd period - Wrist shot by Robert Nilsson.
5:57 of 2nd period - Deflect By Marek Svatos.
5:57 of 2nd period - Stopped by Marc-André Fleury without a rebound.
5:58 of 2nd period - Viktor Kozlov wins face-off versus Paul Stastny in Maple Leafs zone.
6:01 of 2nd period - Wrist shot by Patrick Eaves.
6:01 of 2nd period - Shot Blocked by Dustin Penner.
7:21 of 2nd period - Wrist shot by Richard Zednik.
7:21 of 2nd period - Deflect By Alexei Yashin.
7:21 of 2nd period - Goal by Alexei Yashin - Maple Leafs : 1 - Canadiens : 1.
7:22 of 2nd period - Robert Nilsson wins face-off versus Peter Forsberg in neutral zone.
7:36 of 2nd period - Slapshot by Claude Giroux.
7:36 of 2nd period - Stopped by Kari Lehtonen without a rebound.
7:37 of 2nd period - Paul Stastny wins face-off versus Viktor Kozlov in Canadiens zone.
7:53 of 2nd period - Icing by Tomas Holmstrom.
7:54 of 2nd period - Peter Forsberg wins face-off versus Viktor Kozlov in Canadiens zone.
7:57 of 2nd period - Slapshot by Peter Forsberg.
7:57 of 2nd period - Stopped by Kari Lehtonen without a rebound.
7:58 of 2nd period - Peter Forsberg wins face-off versus Robert Nilsson in Canadiens zone.
8:14 of 2nd period - Slapshot by Peter Forsberg.
8:14 of 2nd period - Shot Blocked by Éric Desjardins.
8:47 of 2nd period - Slapshot by Byron Bitz.
8:47 of 2nd period - Shot Misses the Net.
9:19 of 2nd period - Icing by Zach Parise.
9:20 of 2nd period - Viktor Kozlov wins face-off versus Peter Forsberg in Maple Leafs zone.
9:39 of 2nd period - Eric Cairns is hit by Alex Goligoski and loses puck.
11:19 of 2nd period - Wrist shot by Peter Forsberg.
11:19 of 2nd period - Shot Misses the Net.
11:21 of 2nd period - Snap shot by Claude Giroux.
11:21 of 2nd period - Stopped by Kari Lehtonen without a rebound.
11:21 of 2nd period - Minor Penalty to Kari Lehtonen for Slashing.
11:22 of 2nd period - Derek Roy wins face-off versus Robert Nilsson in Canadiens zone.
12:12 of 2nd period - Ryane Clowe is hit by Stephane Robidas and loses puck.
12:57 of 2nd period - Brad Boyes is hit by Ryane Clowe and loses puck.
13:21 of 2nd period - Penalty to Viktor Kozlov is over, Viktor Kozlov is back on ice.
13:46 of 2nd period - Alex Goligoski is hit by Jamie Lundmark and loses puck.
14:15 of 2nd period - Icing by Tomas Kloucek.
14:16 of 2nd period - Jamie Lundmark wins face-off versus Derek Roy in Canadiens zone.
14:21 of 2nd period - Backhand shot by Tyler Sloan.
14:21 of 2nd period - Stopped by Marc-André Fleury without a rebound.
14:22 of 2nd period - Derek Roy wins face-off versus Robert Nilsson in Maple Leafs zone.
14:27 of 2nd period - Snap shot by Robert Nilsson.
14:27 of 2nd period - Shot Misses the Net.
14:43 of 2nd period - Duncan Keith is hit by Peter Forsberg and loses puck.
15:23 of 2nd period - Ryane Clowe is hit by Dion Phaneuf and loses puck.
15:55 of 2nd period - Snap shot by Claude Giroux.
15:55 of 2nd period - Shot Misses the Net.
15:58 of 2nd period - Minor Penalty to Zach Parise for Tripping.
15:59 of 2nd period - Peter Forsberg wins face-off versus Robert Nilsson in Maple Leafs zone.
16:12 of 2nd period - Snap shot by Marek Svatos.
16:12 of 2nd period - Stopped by Marc-André Fleury without a rebound.
16:13 of 2nd period - Peter Forsberg wins face-off versus Robert Nilsson in Maple Leafs zone.
16:13 of 2nd period - Peter Forsberg is hit by Marek Svatos.
17:58 of 2nd period - Penalty to Zach Parise is over, Zach Parise is back on ice.
18:05 of 2nd period - Brad Boyes is hit by Ryane Clowe and loses puck.
18:20 of 2nd period - Snap shot by Brad Boyes.
18:20 of 2nd period - Stopped by Kari Lehtonen with a rebound.
18:22 of 2nd period - Wrist shot by Derek Roy.
18:22 of 2nd period - Deflect By Ryane Clowe.
18:22 of 2nd period - Stopped by Kari Lehtonen with a rebound.
18:38 of 2nd period - Snap shot by Derek Roy.
18:38 of 2nd period - Stopped by Kari Lehtonen with a rebound.
18:40 of 2nd period - Slapshot by Dion Phaneuf.
18:40 of 2nd period - Shot Blocked by Tyler Sloan.
18:42 of 2nd period - Slapshot by Zach Parise.
18:42 of 2nd period - Shot Blocked by Tomas Kloucek.
18:44 of 2nd period - Slapshot by Zach Parise.
18:44 of 2nd period - Stopped by Kari Lehtonen without a rebound.
18:45 of 2nd period - Rob Niedermayer wins face-off versus Jamie Lundmark in Canadiens zone.
18:45 of 2nd period - Minor Penalty to Ryan Bayda for Interference.
18:46 of 2nd period - Peter Forsberg wins face-off versus Robert Nilsson in Canadiens zone.
3rd period
0:01 of 3rd period - Peter Forsberg wins face-off versus Robert Nilsson in neutral zone.
0:26 of 3rd period - Viktor Kozlov is hit by Derek Roy and loses puck.
0:45 of 3rd period - Penalty to Ryan Bayda is over, Ryan Bayda is back on ice.
1:20 of 3rd period - Slapshot by Patrick Eaves.
1:20 of 3rd period - Deflect By Derek Roy.
1:20 of 3rd period - Stopped by Marc-André Fleury with a rebound.
1:22 of 3rd period - Slapshot by Tomas Kloucek.
1:22 of 3rd period - Shot Misses the Net.
2:08 of 3rd period - Icing by Robert Nilsson.
2:09 of 3rd period - Paul Stastny wins face-off versus Robert Nilsson in Canadiens zone.
3:18 of 3rd period - Slapshot by Rob Niedermayer.
3:18 of 3rd period - Shot Blocked by Jamie Lundmark.
3:20 of 3rd period - Snap shot by Scott Walker.
3:20 of 3rd period - Shot Misses the Net.
3:22 of 3rd period - Wrist shot by Scott Walker.
3:22 of 3rd period - Shot Misses the Net.
3:24 of 3rd period - Snap shot by Stephane Robidas.
3:24 of 3rd period - Stopped by Kari Lehtonen without a rebound.
3:25 of 3rd period - Donald Brashear wins face-off versus Peter Forsberg in Canadiens zone.
3:25 of 3rd period - Donald Brashear is hit by Zach Parise.
3:31 of 3rd period - Snap shot by Claude Giroux.
3:31 of 3rd period - Deflect By Peter Forsberg.
3:31 of 3rd period - Shot Misses the Net.
3:31 of 3rd period - Puck is out of play.
3:32 of 3rd period - Robert Nilsson wins face-off versus Peter Forsberg in Canadiens zone.
3:32 of 3rd period - Robert Nilsson is hit by Claude Giroux.
3:38 of 3rd period - Claude Giroux is hit by Robert Nilsson and loses puck.
3:46 of 3rd period - Double Minor Penalty to Zach Parise for Roughing.
3:47 of 3rd period - Robert Nilsson wins face-off versus Peter Forsberg in Maple Leafs zone.
3:50 of 3rd period - Slapshot by Robert Nilsson.
3:50 of 3rd period - Shot Misses the Net.
4:26 of 3rd period - Dion Phaneuf is hit by Éric Desjardins and loses puck.
5:37 of 3rd period - Viktor Kozlov is hit by Derek Roy and loses puck.
5:56 of 3rd period - Marek Svatos is hit by Dion Phaneuf and loses puck.
6:57 of 3rd period - Shane O'Brien is hit by Brad Boyes and loses puck.
7:23 of 3rd period - Icing by Patrick Eaves.
7:24 of 3rd period - Peter Forsberg wins face-off versus Jamie Lundmark in Canadiens zone.
7:32 of 3rd period - Icing by Tomas Kloucek.
7:33 of 3rd period - Robert Nilsson wins face-off versus Peter Forsberg in Canadiens zone.
7:46 of 3rd period - Penalty to Zach Parise is over, Zach Parise is back on ice.
7:50 of 3rd period - Wrist shot by Rob Niedermayer.
7:50 of 3rd period - Stopped by Kari Lehtonen with a rebound.
7:52 of 3rd period - Slapshot by Alex Goligoski.
7:52 of 3rd period - Goal by Alex Goligoski - Maple Leafs : 2 - Canadiens : 1.
7:53 of 3rd period - Zach Parise wins face-off versus Viktor Kozlov in neutral zone.
8:43 of 3rd period - Slapshot by Richard Zednik.
8:43 of 3rd period - Shot Hit the Post.
9:05 of 3rd period - Snap shot by Ryan Bayda.
9:05 of 3rd period - Deflect By Michel Ouellet.
9:05 of 3rd period - Shot Misses the Net.
9:05 of 3rd period - Puck is out of play.
9:06 of 3rd period - Peter Forsberg wins face-off versus Marek Svatos in Maple Leafs zone.
9:06 of 3rd period - Peter Forsberg is hit by Shane O'Brien.
9:44 of 3rd period - Snap shot by Dustin Penner.
9:44 of 3rd period - Stopped by Kari Lehtonen with a rebound.
10:07 of 3rd period - Wrist shot by Richard Zednik.
10:07 of 3rd period - Stopped by Marc-André Fleury with a rebound.
10:13 of 3rd period - Snap shot by Ryane Clowe.
10:13 of 3rd period - Shot Misses the Net.
10:20 of 3rd period - Minor Penalty to Ryan Bayda for Slashing.
10:21 of 3rd period - Peter Forsberg wins face-off versus Robert Nilsson in Canadiens zone.
10:38 of 3rd period - Wrist shot by Peter Forsberg.
10:38 of 3rd period - Shot Misses the Net.
12:20 of 3rd period - Penalty to Ryan Bayda is over, Ryan Bayda is back on ice.
12:23 of 3rd period - Snap shot by Ryan Bayda.
12:23 of 3rd period - Deflect By Donald Brashear.
12:23 of 3rd period - Shot Misses the Net.
12:23 of 3rd period - Puck is out of play.
12:24 of 3rd period - Viktor Kozlov wins face-off versus Andy Hilbert in Maple Leafs zone.
12:34 of 3rd period - Alex Goligoski is hit by Tomas Holmstrom and loses puck.
12:49 of 3rd period - Jordan Leopold is hit by Tomas Kloucek and loses puck.
13:10 of 3rd period - Wrist shot by Alexei Yashin.
13:10 of 3rd period - Shot Misses the Net.
13:12 of 3rd period - Snap shot by Tomas Kloucek.
13:12 of 3rd period - Stopped by Marc-André Fleury without a rebound.
13:13 of 3rd period - Peter Forsberg wins face-off versus Robert Nilsson in Maple Leafs zone.
13:13 of 3rd period - Claude Giroux is hit by Robert Nilsson and loses puck.
13:27 of 3rd period - Slapshot by Duncan Keith.
13:27 of 3rd period - Stopped by Marc-André Fleury with a rebound.
13:47 of 3rd period - Tobias Enstrom is hit by Éric Desjardins.
14:31 of 3rd period - Snap shot by Alex Goligoski.
14:31 of 3rd period - Deflect By Andy Hilbert.
14:31 of 3rd period - Stopped by Kari Lehtonen with a rebound.
14:33 of 3rd period - Slapshot by Andy Hilbert.
14:33 of 3rd period - Goal by Andy Hilbert - Maple Leafs : 3 - Canadiens : 1.
14:34 of 3rd period - Robert Nilsson wins face-off versus Peter Forsberg in neutral zone.
14:37 of 3rd period - Dion Phaneuf is hit by Donald Brashear and loses puck.
14:50 of 3rd period - Snap shot by Robert Nilsson.
14:50 of 3rd period - Deflect By Marek Svatos.
14:50 of 3rd period - Stopped by Marc-André Fleury with a rebound.
15:00 of 3rd period - Patrick Eaves is hit by Dion Phaneuf and loses puck.
15:11 of 3rd period - Snap shot by Paul Stastny.
15:11 of 3rd period - Stopped by Kari Lehtonen without a rebound.
15:12 of 3rd period - Robert Nilsson wins face-off versus Derek Roy in Canadiens zone.
15:21 of 3rd period - Snap shot by Robert Nilsson.
15:21 of 3rd period - Stopped by Marc-André Fleury without a rebound.
15:22 of 3rd period - Marek Svatos wins face-off versus Derek Roy in Maple Leafs zone.
15:25 of 3rd period - Snap shot by Marek Svatos.
15:25 of 3rd period - Shot Blocked by Byron Bitz.
15:43 of 3rd period - Slapshot by Steve Ott.
15:43 of 3rd period - Shot Blocked by Tyler Sloan.
15:45 of 3rd period - Wrist shot by Tobias Enstrom.
15:45 of 3rd period - Deflect By Derek Roy.
15:45 of 3rd period - Shot Misses the Net.
15:45 of 3rd period - Puck is out of play.
15:46 of 3rd period - Richard Zednik wins face-off versus Peter Forsberg in Canadiens zone.
15:46 of 3rd period - Richard Zednik is hit by Stephane Robidas.
16:01 of 3rd period - Ryane Clowe is hit by Claude Giroux and loses puck.
16:03 of 3rd period - Minor Penalty to Alexei Yashin for Boarding.
16:04 of 3rd period - Peter Forsberg wins face-off versus Robert Nilsson in Canadiens zone.
16:51 of 3rd period - Eric Cairns is hit by Dion Phaneuf.
18:03 of 3rd period - Penalty to Alexei Yashin is over, Alexei Yashin is back on ice.
18:12 of 3rd period - Tomas Kloucek is hit by Andy Hilbert and loses puck.
18:21 of 3rd period - Icing by Byron Bitz.
18:22 of 3rd period - Jamie Lundmark wins face-off versus Paul Stastny in Maple Leafs zone.
18:23 of 3rd period - Snap shot by Patrick Eaves.
18:23 of 3rd period - Goal by Patrick Eaves - Maple Leafs : 3 - Canadiens : 2.
18:24 of 3rd period - Alexei Yashin wins face-off versus Derek Roy in neutral zone.
18:27 of 3rd period - Slapshot by Duncan Keith.
18:27 of 3rd period - Shot Misses the Net.
18:29 of 3rd period - Wrist shot by Alexei Yashin.
18:29 of 3rd period - Stopped by Marc-André Fleury with a rebound.
18:51 of 3rd period - Robert Nilsson is hit by Dion Phaneuf and loses puck.
19:10 of 3rd period - Éric Desjardins is hit by Claude Giroux and loses puck.
19:29 of 3rd period - Canadiens, Kari Lehtonen is pulled from the net.
19:31 of 3rd period - Snap shot by Marek Svatos.
19:31 of 3rd period - Shot Blocked by Brett Clark.
Output by the SimonT Hockey Simulator (STHS) for François Prévost -- Original Page W3C XHTML 1.0 Valid